AoeStats
← Dani_AOE2

Arena

507262848Analyzed
4v4 RM · 13d ago on Sep 17, 2026· 51m 35s· 8 players
Game mode
Random Map
Map size
Large (8 player)
Population
200
Speed
Normal
Resources
Standard
Victory
Conquest
Starting age
Dark Age
Ending age
Imperial Age
RankedLock teamsTeams togetherTeam positionsShared explorationLock speedFull tech treeHidden civsTurbo modeCheats
Victory
Defeat
🇨🇳 Muisca · China
1871
+2
🇨🇴 Slavs · Colombia
1553
+8
🇨🇳 Britons · China
1497
+10
🇳🇱 Mongols · Netherlands
1492
+10
🇨🇿 Khmer · Czechia
1658
-17
🇹🇼 Wei · Taiwan
1321
-5
🇩🇪 Portuguese · Germany
1284
-5
🇰🇷 Teutons · South Korea
1218
-3
jmolinao
10:49 Feudal Age
12:09 Loom
14:57 Castle Age
13:17 Double-Bit Axe
13:16 Horse Collar
16:41 Bow Saw
18:06 Wheelbarrow
22:32 Heavy Plow
22:20 Town Watch
23:56 Gold Mining
23:58 Stone Mining
27:43 Imperial Age
25:39 Scale Mail Armor
25:50 Forging
26:44 Gold Shaft Mining
27:18 Ballistics
27:42 Hand Cart
28:21 Squires
27:42 Man-at-Arms
28:38 Chain Mail Armor
28:59 Iron Casting
28:13 Heavy Scorpion
28:47 Capped Ram
29:13 Long Swordsman
30:33 Plate Mail Armor
30:14 Two-Handed Swordsman
30:34 Siege Ram
32:42 Blast Furnace
32:12 Champion
34:40 Chemistry
36:02 Conscription
37:00 Masonry
37:09 Druzhina
38:20 Fletching
40:13 Hoardings
39:24 Pikeman
40:49 Crop Rotation
40:48 Halberdier
42:05 Detinets
43:02 Town Patrol
45:00 Bodkin Arrow
46:12 Coinage
46:45 Scale Barding Armor
48:10 Two-Man Saw
47:32 Siege Engineers
48:40 Bloodlines
48:31 Husbandry
47:51 Light Cavalry
49:17 Hussar
50:20 Chain Barding Armor
Dani_AOE2
10:49 Feudal Age
13:01 Double-Bit Axe
15:23 Castle Age
13:09 Horse Collar
15:32 Loom
16:49 Heavy Plow
22:03 Bow Saw
24:35 Wheelbarrow
25:10 Stone Mining
25:15 Gold Mining
26:32 Hand Cart
26:18 Fletching
26:28 Padded Archer Armor
27:05 Bodkin Arrow
28:13 Leather Archer Armor
28:04 Scale Barding Armor
31:17 Imperial Age
28:34 Town Watch
29:46 Ballistics
29:57 Bloodlines
29:47 Husbandry
29:54 Thumb Ring
30:30 Chain Barding Armor
30:20 Forging
30:06 Light Cavalry
32:07 Bracer
31:39 Hussar
31:58 Elite Mangudai
34:35 Chemistry
35:35 Iron Casting
37:00 Conscription
36:27 Elite Steppe Lancer
40:08 Blast Furnace
42:00 Capped Ram
43:35 Drill
44:39 Siege Engineers
44:35 Siege Ram
45:42 Onager
47:39 Fortified Wall
48:52 Hoardings
祈求好运
10:09 Feudal Age
11:19 Loom
14:36 Castle Age
13:13 Double-Bit Axe
14:34 Fletching
19:52 Bow Saw
20:14 Bodkin Arrow
27:00 Wheelbarrow
28:29 Horse Collar
29:18 Heavy Plow
30:27 Gold Mining
31:02 Hand Cart
34:52 Imperial Age
32:35 Forging
32:25 Scale Mail Armor
32:32 Squires
32:17 Gambesons
31:56 Pikeman
33:12 Murder Holes
34:04 Iron Casting
33:50 Masonry
34:31 Chain Mail Armor
34:53 Gold Shaft Mining
34:54 Fortified Wall
35:11 Halberdier
36:56 Blast Furnace
36:57 Plate Mail Armor
41:52 Two-Man Saw
41:36 Padded Archer Armor
44:05 Arson
47:02 Conscription
47:11 Caravan
49:13 Onager
3046964519
6:04 Loom
8:26 Feudal Age
10:07 Double-Bit Axe
14:26 Fletching
20:08 Castle Age
20:53 Bodkin Arrow
23:50 Horse Collar
28:35 Padded Archer Armor
29:41 Wheelbarrow
32:24 Imperial Age
30:33 Heavy Plow
30:26 Gold Mining
32:47 Hand Cart
32:43 Bow Saw
33:11 Gold Shaft Mining
33:13 Bracer
36:07 Chemistry
35:28 Ballistics
35:51 Huaracas
36:33 Leather Archer Armor
38:04 Thumb Ring
37:53 Town Watch
39:47 Treadmill Crane
40:19 Masonry
40:21 Stone Mining
40:44 Squires
40:46 Elite Temple Guard
41:55 Conscription
40:59 Elite Guecha Warrior
42:28 Scale Mail Armor
44:23 Chain Mail Armor
44:18 Forging
45:34 Hoardings
45:09 Crossbowman
45:54 Herbalism
46:34 Siege Engineers
45:59 Arbalester
48:05 Plate Mail Armor
48:11 Iron Casting
48:48 Two-Man Saw
50:57 Crop Rotation
51:03 Stone Shaft Mining
50:38 Champi Runner
Joseph
8:45 Loom
10:53 Feudal Age
14:49 Castle Age
13:36 Double-Bit Axe
15:47 Fletching
19:08 Horse Collar
27:12 Imperial Age
26:39 Wheelbarrow
27:01 Bow Saw
27:15 Bodkin Arrow
30:47 Bracer
32:04 Hand Cart
33:00 Chemistry
33:56 Padded Archer Armor
48:21 Elite Skirmisher
Franczesco
10:10 Feudal Age
13:45 Castle Age
12:01 Horse Collar
12:26 Double-Bit Axe
14:51 Bow Saw
20:49 Loom
22:40 Heavy Plow
24:03 Wheelbarrow
25:21 Hand Cart
24:53 Town Watch
28:56 Imperial Age
26:39 Gold Mining
26:41 Stone Mining
27:25 Scale Barding Armor
27:52 Forging
28:36 Gold Shaft Mining
28:37 Stone Shaft Mining
28:21 Husbandry
28:31 Bloodlines
28:53 Chain Barding Armor
29:05 Elite Battle Elephant
30:25 Plate Barding Armor
31:00 Iron Casting
30:38 Tusk Swords
31:48 Crop Rotation
32:57 Blast Furnace
32:55 Ballistics
33:25 Siege Engineers
34:06 Coinage
35:03 Chemistry
34:08 Siphons
33:48 Heavy Scorpion
34:48 Double Crossbow
35:49 Conscription
35:07 Capped Ram
36:38 Banking
36:13 Siege Ram
39:00 Light Cavalry
40:15 Fletching
40:36 Masonry
41:03 Hoardings
41:20 Hussar
42:24 Bodkin Arrow
48:12 Bracer
kdu0687
11:39 Feudal Age
13:14 Double-Bit Axe
15:51 Castle Age
14:43 Horse Collar
16:47 Wheelbarrow
17:26 Heavy Plow
19:16 Bow Saw
21:34 Gold Mining
21:34 Stone Mining
23:26 Loom
27:44 Hand Cart
28:44 Stone Shaft Mining
28:26 Forging
28:16 Scale Mail Armor
27:39 Pikeman
28:20 Squires
28:50 Town Watch
32:23 Imperial Age
32:40 Iron Casting
32:20 Chain Mail Armor
31:52 Arson
34:41 Blast Furnace
34:53 Chemistry
34:39 Capped Ram
36:07 Conscription
36:45 Plate Mail Armor
36:37 Bombard Tower
37:00 Fletching
37:32 Ballistics
37:18 Siege Engineers
37:25 Masonry
42:01 Two-Man Saw
41:48 Fortified Wall
41:49 Elite Teutonic Knight
43:21 Town Patrol
47:24 Crenellations
48:04 Halberdier
48:54 Bodkin Arrow
50:53 Hoardings
yoooo147
11:10 Feudal Age
14:57 Castle Age
13:41 Double-Bit Axe
14:58 Horse Collar
15:20 Loom
16:58 Heavy Plow
17:15 Bow Saw
23:59 Wheelbarrow
24:18 Heavy Plow
25:24 Gold Mining
26:31 Hand Cart
26:45 Town Watch
27:42 Scale Barding Armor
27:36 Stone Mining
31:01 Imperial Age
29:19 Gold Shaft Mining
29:14 Bloodlines
29:48 Scale Mail Armor
30:01 Forging
30:12 Chain Barding Armor
30:18 Husbandry
33:09 Fletching
33:57 Iron Casting
33:13 Fletching
34:30 Padded Archer Armor
33:54 Elite Skirmisher
34:40 Thumb Ring
34:51 Bodkin Arrow
34:33 Elite Tiger Cavalry
35:34 Conscription
35:43 Leather Archer Armor
36:04 Bracer
37:09 Chemistry
37:06 Ballistics
37:49 Blast Furnace
40:21 Ring Archer Armor
41:24 Masonry
41:10 Murder Holes
42:17 Ming Guang Armor
45:24 Tuntian
46:25 Light Cavalry
48:02 Hussar
50:39 Treadmill Crane
Connection lost

Rejoining the realm…

Still unreachable

The connection could not be restored.

Session expired

The server has moved on; the page needs a fresh start.